TOP OF THE 1ST |
Beloit Snappers batting - Pitching for West Michigan Whitecaps : RHP Jared Barger
|
Pitching: RHP Jared Barger
|
|
Batting: RHB Manny Moron
|
0-0: Called Strike 0-1: Ball 1-1: Foul Ball, location: 2F 1-2: Strikes out looking
|
Batting: RHB Moses Brokken
|
0-0: Ball 1-0: Called Strike 1-1: Ball 2-1: Swinging Strike 2-2: Strikes out swinging
|
Batting: LHB Nate Melendez
|
0-0: Ball 1-0: Foul Ball, location: 2F 1-1: Foul Ball, location: 2F 1-2: Foul Ball, location: 2F 1-2: Ball 2-2: Foul Ball, location: 2F 2-2: Fly out, F8 (Flyball, 8RXD, EV 94.4 MPH)
|
Top of the 1st over - 0 runs, 0 hits, 0 errors, 0 left on base; Beloit 0 - West Michigan 0 |
BOTTOM OF THE 1ST |
West Michigan Whitecaps batting - Pitching for Beloit Snappers : RHP Chad Cooper
|
Pitching: RHP Chad Cooper
|
|
Batting: RHB Janne Vihko
|
0-0: Bunt missed! 0-1: DOUBLE (Groundball, 5D, EV 106.2 MPH)
|
Batting: LHB Nick Nino
|
0-0: Called Strike Janne Vihko steals 3rd base 0-1: Ball 1-1: Foul Ball, location: 2F 1-2: Foul Ball, location: 2F 1-2: Ball 2-2: SINGLE (Groundball, 34D, EV 105.6 MPH) Janne Vihko scores
|
Batting: LHB Jon Frederick
|
0-0: Called Strike Nick Nino steals 2nd base (no throw) 0-1: Ball 1-1: Ball 2-1: Ball 3-1: Ground out 4-3 (Groundball, 4, EV 110.6 MPH) Nick Nino to third
|
Batting: RHB Ernst Meloche
|
0-0: Foul Ball, location: 2F 0-1: Ball 1-1: Called Strike 1-2: Ball 2-2: Fly out, F9 (Flyball, 9D, EV 78.1 MPH) Runner from 3rd tags up, SCORES, no throw by RF
|
Batting: RHB Joel Miller
|
0-0: Ball 1-0: Ball 2-0: Foul Ball, location: 2F 2-1: Swinging Strike 2-2: Strikes out looking
|
Bottom of the 1st over - 2 runs, 2 hits, 0 errors, 0 left on base; Beloit 0 - West Michigan 2 |
TOP OF THE 2ND |
Beloit Snappers batting - Pitching for West Michigan Whitecaps : RHP Jared Barger
|
Batting: RHB Rafael Alarcon
|
0-0: Ball 1-0: Ball 2-0: Called Strike 2-1: Ball 3-1: Called Strike 3-2: Ground out 6-3 (Groundball, 6S, EV 78.8 MPH)
|
Batting: RHB Walt Alaniz
|
0-0: Foul Ball, location: 2F 0-1: Ball 1-1: SINGLE (Line Drive, 4MD, EV 103.1 MPH)
|
Batting: RHB Chris Temple
|
0-0: Called Strike 0-1: Foul Ball, location: 2F 0-2: Strikes out swinging
|
Batting: LHB Ed Talamantes
|
0-0: Swinging Strike 0-1: Ball 1-1: Ball 2-1: SINGLE (Flyball, 78S, EV 87.5 MPH) Walt Alaniz to second
|
Batting: RHB Shannon Beck
|
0-0: Foul Ball, location: 2F 0-1: Ball 1-1: Swinging Strike 1-2: Strikes out swinging
|
Top of the 2nd over - 0 runs, 2 hits, 0 errors, 2 left on base; Beloit 0 - West Michigan 2 |
BOTTOM OF THE 2ND |
West Michigan Whitecaps batting - Pitching for Beloit Snappers : RHP Chad Cooper
|
Batting: RHB Keith Hoffman
|
0-0: Foul Ball, location: 2F 0-1: Ball 1-1: Swinging Strike 1-2: Ground out 4-3 (Groundball, 34D, EV 84.4 MPH)
|
Batting: RHB Jon Goldstein
|
0-0: Called Strike 0-1: Ball 1-1: SINGLE (Groundball, 6MD, EV 104.4 MPH)
|
Batting: RHB Jose Evangelista
|
0-0: Ball 1-0: Ball 2-0: Ball 3-0: Called Strike 3-1: Base on Balls Jon Goldstein to second
|
Batting: SHB Chris Wagler
|
0-0: Fly out, F6 (Line Drive, 6M, EV 73.1 MPH) Lined into DP, U6 (Line Drive, 6M, EV 71.2 MPH)
|
Bottom of the 2nd over - 0 runs, 1 hit, 0 errors, 1 left on base; Beloit 0 - West Michigan 2 |
TOP OF THE 3RD |
Beloit Snappers batting - Pitching for West Michigan Whitecaps : RHP Jared Barger
|
Batting: RHB Tim Anderson
|
0-0: Called Strike 0-1: Ball 1-1: Ball 2-1: Foul Ball, location: 2F 2-2: Foul Ball, location: 2F 2-2: SINGLE (Groundball, 6MD, EV 100.6 MPH)
|
Batting: RHB Manny Moron
|
0-0: Ball Tim Anderson steals 2nd base 1-0: Foul Ball, location: 2F 1-1: Ground out U3 (Groundball, 3, EV 83.8 MPH) Tim Anderson to third
|
Batting: RHB Moses Brokken
|
0-0: Ball 1-0: Ball 2-0: Ground out 6-3 (Groundball, 6, EV 99.4 MPH) Tim Anderson scores
|
Batting: LHB Nate Melendez
|
0-0: Ball 1-0: DOUBLE (Flyball, 78XD, EV 105.0 MPH)
|
Batting: RHB Rafael Alarcon
|
0-0: Ball 1-0: Ball 2-0: Ball 3-0: Called Strike 3-1: SINGLE (Flyball, 3D, EV 91.2 MPH) Nate Melendez to third Runner from 3rd tries for Home, SAFE, throw by RF to home
|
Batting: RHB Walt Alaniz
|
0-0: Ball 1-0: Ball 2-0: Called Strike 2-1: Ball 3-1: Fielders Choice at 2nd, 5-4 (Groundball, 5, EV 106.9 MPH)
|
Top of the 3rd over - 2 runs, 3 hits, 0 errors, 1 left on base; Beloit 2 - West Michigan 2 |
BOTTOM OF THE 3RD |
West Michigan Whitecaps batting - Pitching for Beloit Snappers : RHP Chad Cooper
|
Batting: RHB Janne Vihko
|
0-0: Called Strike 0-1: Foul Ball, location: 2F 0-2: Ball 1-2: Reached on error, E5 (Groundball, 56S, EV 68.1 MPH)
|
Batting: LHB Nick Nino
|
0-0: Ball 1-0: Ball 2-0: Ball 3-0: Base on Balls
|
Batting: LHB Jon Frederick
|
0-0: Swinging Strike 0-1: Called Strike 0-2: Foul Ball, location: 2F 0-2: Foul Ball, location: 2F 0-2: Strikes out swinging
|
Batting: RHB Ernst Meloche
|
0-0: Called Strike 0-1: Ball Janne Vihko steals 3rd base Nick Nino to second 1-1: Ball 2-1: Fly out, F9 (Line Drive, 89M, EV 104.4 MPH)
|
Batting: RHB Joel Miller
|
0-0: Ball 1-0: Ball 2-0: Ball 3-0: Called Strike 3-1: Fly out, F9 (Flyball, 9D, EV 91.2 MPH)
|
Bottom of the 3rd over - 0 runs, 0 hits, 1 error, 2 left on base; Beloit 2 - West Michigan 2 |
TOP OF THE 4TH |
Beloit Snappers batting - Pitching for West Michigan Whitecaps : RHP Jared Barger
|
Batting: RHB Chris Temple
|
0-0: Foul Ball, location: 2F 0-1: Ground out 3-1 (Groundball, 34S, EV 91.2 MPH)
|
Batting: LHB Ed Talamantes
|
0-0: Ball 1-0: Foul Ball, location: 2F 1-1: SINGLE (Groundball, 4MD, EV 100.0 MPH)
|
Batting: RHB Shannon Beck
|
0-0: Ball 1-0: Called Strike 1-1: Called Strike 1-2: Ball Passed Ball! Ed Talamantes to second 2-2: Foul Ball, location: 2F 2-2: SINGLE (Line Drive, 4D, EV 108.8 MPH) Ed Talamantes to third
|
Batting: RHB Tim Anderson
|
0-0: Ball 1-0: SINGLE (Groundball, 56D, EV 100.6 MPH) Ed Talamantes scores Shannon Beck to second
|
Batting: RHB Manny Moron
|
0-0: Called Strike 0-1: Ball 1-1: Ball 2-1: Ball 3-1: Swinging Strike 3-2: Foul Ball, location: 2F 3-2: Base on Balls Shannon Beck to third Tim Anderson to second
|
Batting: RHB Moses Brokken
|
0-0: Ball 1-0: Swinging Strike 1-1: Ball 2-1: Grounds into double play, 4-6-3 (Groundball, 4M, EV 87.5 MPH)
|
Top of the 4th over - 1 run, 3 hits, 0 errors, 2 left on base; Beloit 3 - West Michigan 2 |
BOTTOM OF THE 4TH |
West Michigan Whitecaps batting - Pitching for Beloit Snappers : RHP Chad Cooper
|
Batting: RHB Keith Hoffman
|
0-0: SINGLE (Groundball, 4D, EV 94.4 MPH)
|
Batting: RHB Jon Goldstein
|
0-0: Called Strike 0-1: Ball 1-1: Foul Ball, location: 2F 1-2: Fly out, F7 (Flyball, 7, EV 95.6 MPH)
|
Batting: RHB Jose Evangelista
|
0-0: Ball 1-0: Ball 2-0: Fly out, F8 (Line Drive, 8RM, EV 87.5 MPH)
|
Batting: SHB Chris Wagler
|
0-0: Called Strike 0-1: Ground out 4-3 (Groundball, 4, EV 85.6 MPH)
|
Bottom of the 4th over - 0 runs, 1 hit, 0 errors, 1 left on base; Beloit 3 - West Michigan 2 |
TOP OF THE 5TH |
Beloit Snappers batting - Pitching for West Michigan Whitecaps : RHP Jared Barger
|
Batting: LHB Nate Melendez
|
0-0: Ball 1-0: Foul Ball, location: 2F 1-1: Swinging Strike 1-2: Ball 2-2: Ball 3-2: Fly out, F8 (Line Drive, 8LD, EV 88.8 MPH)
|
Batting: RHB Rafael Alarcon
|
0-0: Foul Ball, location: 2F 0-1: SINGLE (Groundball, 6D, EV 103.8 MPH)
|
Batting: RHB Walt Alaniz
|
0-0: Called Strike 0-1: Ball 1-1: SINGLE (Line Drive, 8RS, EV 95.0 MPH) Rafael Alarcon to second Runner from 2nd tries for 3rd, SAFE, throw by CF made to third
|
Batting: RHB Chris Temple
|
0-0: Ball 1-0: Ball 2-0: Swinging Strike 2-1: Called Strike 2-2: Strikes out looking
|
Batting: LHB Ed Talamantes
|
0-0: Called Strike 0-1: Ball 1-1: Foul Ball, location: 2F 1-2: SINGLE (Line Drive, 78M, EV 91.9 MPH) Rafael Alarcon scores Walt Alaniz to second
|
Pitching: LHP Jim Belcher
|
|
Batting: RHB Shannon Beck
|
0-0: Called Strike 0-1: Ball 1-1: Ball 2-1: Ball 3-1: 3-RUN HOME RUN (Flyball, 78XD, EV 101.9 MPH), Distance : 413 ft
|
Batting: RHB Tim Anderson
|
0-0: Swinging Strike 0-1: Swinging Strike 0-2: Strikes out swinging
|
Top of the 5th over - 4 runs, 4 hits, 0 errors, 0 left on base; Beloit 7 - West Michigan 2 |
BOTTOM OF THE 5TH |
West Michigan Whitecaps batting - Pitching for Beloit Snappers : RHP Chad Cooper
|
Batting: RHB Janne Vihko
|
0-0: Called Strike 0-1: Ball 1-1: Foul Ball, location: 2F 1-2: SINGLE (Groundball, 6S, EV 73.1 MPH) (infield hit)
|
Batting: LHB Nick Nino
|
0-0: Called Strike 0-1: Fielders Choice at 2nd, 3-6 (Groundball, 3S, EV 88.8 MPH)
|
Batting: LHB Jon Frederick
|
0-0: Ball 1-0: Called Strike 1-1: Ball Nick Nino is caught stealing 2nd base 2-6 2-1: Fly out, F7 (Flyball, 7D, EV 98.1 MPH)
|
Bottom of the 5th over - 0 runs, 1 hit, 0 errors, 0 left on base; Beloit 7 - West Michigan 2 |
TOP OF THE 6TH |
Beloit Snappers batting - Pitching for West Michigan Whitecaps : LHP Jim Belcher
|
Batting: RHB Manny Moron
|
0-0: Ground out 6-3 (Groundball, 6, EV 79.4 MPH)
|
Batting: RHB Moses Brokken
|
0-0: Ball 1-0: Foul Ball, location: 2F 1-1: Foul Ball, location: 2F 1-2: Foul Ball, location: 2F 1-2: Ball 2-2: Foul Ball, location: 2F 2-2: Ground out 6-3 (Groundball, 56, EV 85.0 MPH)
|
Batting: LHB Nate Melendez
|
0-0: Foul Ball, location: 2F 0-1: Swinging Strike 0-2: Ball 1-2: TRIPLE (Line Drive, 89XD, EV 101.2 MPH)
|
Batting: RHB Rafael Alarcon
|
0-0: Called Strike 0-1: SINGLE (Groundball, 6MD, EV 96.9 MPH) Nate Melendez scores
|
Batting: RHB Walt Alaniz
|
0-0: Ball 1-0: Called Strike 1-1: Foul Ball, location: 2F 1-2: Foul Ball, location: 2F 1-2: Fly out, F8 (Flyball, 8RM, EV 91.9 MPH)
|
Top of the 6th over - 1 run, 2 hits, 0 errors, 1 left on base; Beloit 8 - West Michigan 2 |
BOTTOM OF THE 6TH |
West Michigan Whitecaps batting - Pitching for Beloit Snappers : RHP Chad Cooper
|
Batting: RHB Ernst Meloche
|
0-0: Ball 1-0: Reached on error, E5 (Groundball, 56, EV 99.4 MPH)
|
Batting: RHB Joel Miller
|
0-0: Called Strike 0-1: Swinging Strike 0-2: Ball 1-2: Foul Ball, location: 2F 1-2: Ball 2-2: Ground out 6-3 (Groundball, 6, EV 88.8 MPH)
|
Pitching: RHP Zach Monlux
|
|
Batting: RHB Keith Hoffman
|
0-0: Foul Ball, location: 2F 0-1: Foul Ball, location: 2F 0-2: Ground out 6-3 (Groundball, 6, EV 81.9 MPH)
|
Batting: RHB Jon Goldstein
|
0-0: Called Strike 0-1: Foul Ball, location: 2F 0-2: Strikes out swinging
|
Bottom of the 6th over - 0 runs, 0 hits, 1 error, 1 left on base; Beloit 8 - West Michigan 2 |
TOP OF THE 7TH |
Beloit Snappers batting - Pitching for West Michigan Whitecaps : LHP Jim Belcher
|
Batting: RHB Chris Temple
|
0-0: Swinging Strike 0-1: Ball 1-1: Ball 2-1: Swinging Strike 2-2: Strikes out swinging
|
Batting: LHB Ed Talamantes
|
0-0: Ground out 4-3 (Groundball, 4, EV 93.1 MPH)
|
Batting: RHB Shannon Beck
|
0-0: Fly out, F6 (Line Drive, 6M, EV 67.5 MPH)
|
Top of the 7th over - 0 runs, 0 hits, 0 errors, 0 left on base; Beloit 8 - West Michigan 2 |
BOTTOM OF THE 7TH |
West Michigan Whitecaps batting - Pitching for Beloit Snappers : RHP Zach Monlux
|
Batting: RHB Jose Evangelista
|
0-0: Foul Ball, location: 2F 0-1: SINGLE (Flyball, 9LM, EV 83.8 MPH)
|
Batting: SHB Chris Wagler
|
0-0: Ball 1-0: Swinging Strike 1-1: Ball 2-1: Ball Jose Evangelista steals 2nd, throwing error, E2 Jose Evangelista to third 3-1: Base on Balls
|
Batting: RHB Janne Vihko
|
0-0: Fly out, F8 (Flyball, 8LM, EV 85.6 MPH)
|
Batting: LHB Nick Nino
|
0-0: Ball 1-0: Called Strike 1-1: Reached on error, E4 (Groundball, 4D, EV 100.6 MPH) Jose Evangelista scores Chris Wagler to second
|
Batting: LHB Jon Frederick
|
0-0: Grounds into double play, 4-6-3 (Groundball, 4, EV 94.4 MPH)
|
Bottom of the 7th over - 1 run, 1 hit, 2 errors, 1 left on base; Beloit 8 - West Michigan 3 |
TOP OF THE 8TH |
Beloit Snappers batting - Pitching for West Michigan Whitecaps : LHP Jim Belcher
|
Batting: RHB Tim Anderson
|
0-0: Called Strike 0-1: Foul Ball, location: 2F 0-2: Ball 1-2: Strikes out swinging
|
Batting: RHB Manny Moron
|
0-0: Ball 1-0: Ball 2-0: Ball 3-0: Base on Balls
|
Batting: RHB Moses Brokken
|
0-0: Called Strike 0-1: Called Strike 0-2: Ball 1-2: Ball 2-2: Ball 3-2: Strikes out looking
|
Batting: LHB Nate Melendez
|
0-0: Ground out 4-3 (Groundball, 34S, EV 88.8 MPH)
|
Top of the 8th over - 0 runs, 0 hits, 0 errors, 1 left on base; Beloit 8 - West Michigan 3 |
BOTTOM OF THE 8TH |
West Michigan Whitecaps batting - Pitching for Beloit Snappers : RHP Zach Monlux
|
Batting: RHB Ernst Meloche
|
0-0: Called Strike 0-1: Ball 1-1: Ball 2-1: Called Strike 2-2: Strikes out looking
|
Batting: RHB Joel Miller
|
0-0: Ball 1-0: Called Strike 1-1: Ball 2-1: SOLO HOME RUN (Flyball, 7LD, EV 91.2 MPH), Distance : 345 ft
|
Batting: RHB Keith Hoffman
|
0-0: Called Strike 0-1: Ball 1-1: Ball 2-1: Ball 3-1: Base on Balls
|
Batting: RHB Jon Goldstein
|
0-0: DOUBLE (Flyball, 8RXD, EV 100.6 MPH) Keith Hoffman to third
|
Pinch Hitting: LHB Afanasy Zasekin
|
0-0: Called Strike 0-1: Called Strike 0-2: Ball 1-2: Strikes out swinging
|
Batting: SHB Chris Wagler
|
0-0: Ball 1-0: Foul Ball, location: 2F 1-1: Foul Ball, location: 2F 1-2: Ball 2-2: Foul Ball, location: 2F 2-2: Ball 3-2: Strikes out swinging
|
Bottom of the 8th over - 1 run, 2 hits, 0 errors, 2 left on base; Beloit 8 - West Michigan 4 |
TOP OF THE 9TH |
Beloit Snappers batting - Pitching for West Michigan Whitecaps : LHP Jim Belcher
|
Pitching: RHP Kyle Moore
|
|
Now in RF: Afanasy Zasekin
|
|
Batting: RHB Rafael Alarcon
|
0-0: Swinging Strike 0-1: Foul Ball, location: 2F 0-2: Ball 1-2: Ball 2-2: Foul Ball, location: 2F 2-2: Foul Ball, location: 2F 2-2: Ball 3-2: Fly out, F5 (Popup, 56S, EV 78.1 MPH)
|
Batting: RHB Walt Alaniz
|
0-0: Called Strike 0-1: Ball 1-1: DOUBLE (Line Drive, 7LM, EV 107.5 MPH)
|
Batting: RHB Chris Temple
|
0-0: Ball 1-0: Ball 2-0: Ball 3-0: Base on Balls
|
Batting: LHB Ed Talamantes
|
0-0: 3-RUN HOME RUN (Flyball, 89XD, EV 101.9 MPH), Distance : 418 ft
|
Batting: RHB Shannon Beck
|
0-0: Called Strike 0-1: Foul Ball, location: 2F 0-2: Strikes out swinging
|
Batting: RHB Tim Anderson
|
0-0: Foul Ball, location: 2F 0-1: Ball 1-1: Ball 2-1: Ball 3-1: Foul Ball, location: 2F 3-2: Strikes out swinging
|
Top of the 9th over - 3 runs, 2 hits, 0 errors, 0 left on base; Beloit 11 - West Michigan 4 |
BOTTOM OF THE 9TH |
West Michigan Whitecaps batting - Pitching for Beloit Snappers : RHP Zach Monlux
|
Batting: RHB Janne Vihko
|
0-0: Called Strike 0-1: Ball 1-1: Ground out 4-3 (Groundball, 4, EV 101.2 MPH)
|
Batting: LHB Nick Nino
|
0-0: Ball 1-0: Called Strike 1-1: Ground out U3 (Groundball, 34, EV 83.1 MPH)
|
Batting: LHB Jon Frederick
|
0-0: Ball 1-0: Ball 2-0: Fly out, F9 (Line Drive, 8RD, EV 104.4 MPH)
|
Bottom of the 9th over - 0 runs, 0 hits, 0 errors, 0 left on base; Beloit 11 - West Michigan 4 |
|